 Dungeon Crawl Stone Soup version 0.30-a0-325-gb515db48ae (webtiles) character file.

Game seed: 4448911222288579051

881 Engwar the Conjurer (level 7, -2/50 (55) HPs)
             Began as a Black Draconian Reaver on Oct 28, 2022.
             Was a Follower of Makhleb.
             Slain by a wight
             ... wielding a +0 battleaxe
              (13 damage)
             ... on level 5 of the Dungeon.
             The game lasted 00:17:58 (5319 turns).

Engwar the Conjurer (Black Draconian Reaver)        Turns: 5319, Time: 00:17:59

HP:   -2/50 (55)    AC:  6    Str: 15    XL:     7   Next: 75%
MP:   11/11         EV: 12    Int: 15    God:    Makhleb [*.....]
Gold: 231           SH:  0    Dex:  9    Spells: 5/11 levels left

rFire   + . .      SeeInvis .    h - +0 whip
rCold   + . .      Faith    .    (no shield)
rNeg    . . .      Spirit   .    (body armour unavailable)
rPois   .          Reflect  .    (helmet restricted)
rElec   +          Harm     .    (no cloak)
rCorr   .          Rampage  .    (no gloves)
Will    .....                    (no boots)
Stlth   +.........               n - amulet of regeneration
HPRegen 1.08/turn                c - ring of protection from cold
MPRegen 0.12/turn                k - ring of protection from fire

@: short of breath, drained
A: breathe lightning, AC +6, unfitting armour, electricity resistance,
cold-blooded
a: Breathe Lightning, Renounce Religion


You were on level 5 of the Dungeon.
You worshipped Makhleb.
Makhleb was aware of your devotion.
You visited 1 branch of the dungeon, and saw 5 of its levels.

You collected 231 gold pieces.

Inventory:

Hand Weapons
 h - a +0 whip (weapon)
Jewellery
 c - a ring of protection from cold (left hand)
 d - a ring of wizardry
 k - a ring of protection from fire (right hand)
 n - an amulet of regeneration (around neck)
Wands
 g - a wand of polymorph (1)
Potions
 a - a potion of flight {unknown}
 b - a potion of magic
 e - a potion of curing {unknown}
 i - a potion of attraction {unknown}


   Skills:
 - Level 2.1 Fighting
 + Level 6.4 Maces & Flails
 - Level 1.7 Dodging
 + Level 2.9 Spellcasting
 + Level 6.5 Conjurations
 - Level 2.0 Translocations


You had 5 spell levels left.
You knew the following spells:

 Your Spells              Type           Power      Damage    Failure   Level
a - Kiss of Death         Conj/Necr      48%        2d9       5%          1
b - Momentum Strike       Conj/Tloc      30%        3d8       5%          2
c - Magic Dart            Conj           84%        1d7       1%          1
d - Searing Ray           Conj           42%        2d6       1%          2

Your spell library contained the following spells:

 Spells                   Type           Power      Damage    Failure   Level
 Hailstorm                Conj/Ice       12%        3d5       16%         3
 Stone Arrow              Conj/Erth      24%        3d8       16%         3
 Fulminant Prism          Conj/Hex       6%         3d7       45%         4
 Frozen Ramparts          Ice            4%         1d1       52%         3
 Ice Form                 Ice/Tmut       2%         N/A       90%         4
 Summon Ice Beast         Ice/Summ       2%         N/A       90%         4
 Lehudib's Crystal Spear  Conj/Erth      6%         10d3      100%        8
 Animate Armour           Summ/Erth      Unusable   N/A       N/A         4

Dungeon Overview and Level Annotations

Branches:
Dungeon (5/15)
 Temple: D:4-7

Altars:
Hepliaklqana
Makhleb
Ru

Shops:
D:4 *

Annotations:
D:5 Menkaure


Innate Abilities, Weirdness & Mutations

You can breathe wild blasts of lightning.
Your glossy black scales are hard. (AC +6)
You cannot fit into any form of body armour.
You are resistant to electric shocks. (rElec)
You are cold-blooded and may be slowed by cold attacks.


Message History

You kill the iguana!
Makhleb accepts your kill. The wight misses you.
The wight attacks as you move away! The wight misses you.
The wight attacks as you move away! The wight closely misses you.
The wight attacks as you move away!
The wight hits you with a +0 great sword!!
The wight attacks as you move away! The wight barely misses you.
The wight hits you from afar with a +0 trident!
You feel drained. The wight attacks as you move away!
The wight hits you with a +0 great sword!
* * * LOW HITPOINT WARNING * * *
You feel drained.
* * * LOW HITPOINT WARNING * * *
The wight hits you from afar with a +0 trident.
* * * LOW HITPOINT WARNING * * *
You feel drained.
Okay, then.
You feel much better.
The wight hits you with a +2 great sword!
The wight hits you from afar with a +0 trident!
* * * LOW HITPOINT WARNING * * *
The wight closely misses you.
The air fills with toxic fumes!
As you read the scroll labelled OMNYST DOTH, it crumbles to dust.
It was a scroll of poison.
The wight hits you with a +2 great sword.
* * * LOW HITPOINT WARNING * * *
The wight misses you. The wight hits you but does no damage.
The wight misses you.
Really walk into that cloud of poison gas?
Okay, then.
There are monsters nearby!
Okay, then.
You hit the wight.
The wight is severely damaged.
The wight barely misses you. The wight closely misses you.
The wight hits you with a +0 battleaxe!
You die...

,>*,,,,,,,,,,*#..............#..#
,,*,,,,,,*,,,*#§§§....§§.........
,,,,,,,****#...§§§...§§§.........
,*,,*,,,***#.#.§§####§§§.........
***,,,,,*.##,##§§#§§§§§§#........
,,,,,,,,,...,*##§§§§§§§###.....#.
,,,,,,,,.§...*##§§§§§§.#......##.
,<,,,,,,.§§§§##§§§§##..#....####.
,,,,,,,,,§§§§§§§@§§§#.##....#.###
,,,,,,***##§§§§zzz§§§§#####...###
,,,,,,*,,,#§§§§z§§#§§§#######..#.
,,,,,,*,,,#§§§§§§§#.§§§##........
,,.,,,*,,,#§§§§§§§§..§§§#.......#
#*....##+##§§##§§§§§..§§.........
##.......§§§§.§§§§§§...§.........
.........§§§.##§§§§§§...........#
...#...............####..........


You could see 4 wights.

Vanquished Creatures
  Sigmund (D:2)
  Eustachio (D:5)
  A black bear (D:4)
  An ogre (D:4)
  A centaur (D:3)
  A scorpion (D:4)
  A hound (D:5)
  An orc priest (D:3)
  An iguana (D:5)
  Natasha (D:3)
  2 orc wizards (D:3)
  2 gnolls (D:5)
  6 adders
  An ufetubus (D:5)
  4 worms
  2 dart slugs
  7 orcs
  9 endoplasms
  A giant cockroach (D:3)
  10 goblins
  5 hobgoblins
  2 quokkas
  6 ball pythons
  5 bats
  3 frilled lizards
  5 kobolds
  7 rats
87 creatures vanquished.

Vanquished Creatures (collateral kills)
  An ogre (D:5)
  A gnoll (D:5)
  2 orcs (D:5)
4 creatures vanquished.

Vanquished Creatures (others)
  A jelly (D:5)
  A gnoll bouda (D:5)
  Natasha (twice) (D:3)
4 creatures vanquished.

Grand Total: 95 creatures vanquished

Notes
Turn   | Place    | Note
-------+----------+-------------------------------------------
     0 | D:1      | Engwar the Draconian Reaver began the quest for the Orb.
     0 | D:1      | Reached XP level 1. HP: 17/17 MP: 3/3
   217 | D:1      | Reached XP level 2. HP: 23/24 MP: 5/5
   220 | D:1      | Learned a level 2 spell: Momentum Strike
   764 | D:2      | Reached XP level 3. HP: 13/29 MP: 6/6
   848 | D:2      | Reached skill level 1 in Translocations
   858 | D:2      | Noticed Sigmund
  1051 | D:3      | Noticed a centaur
  1144 | D:3      | Killed a centaur
  1145 | D:3      | Reached XP level 4. HP: 9/36 MP: 7/7
  1301 | D:3      | Identified the +1 robe of Zuneus {rF+ rC+ Str-2}
  1476 | D:3      | Reached XP level 5. HP: 22/41 MP: 8/8
  1602 | D:3      | You fall into a shaft and drop 1 floor!
  1976 | D:3      | Identified a scroll of acquirement
  1976 | D:3      | Acquired a book of Conjurations
  1980 | D:3      | Learned a level 1 spell: Magic Dart
  1983 | D:3      | Learned a level 2 spell: Searing Ray
  2112 | D:3      | Reached skill level 5 in Conjurations
  2112 | D:3      | Reached XP level 6. HP: 11/48 MP: 9/9
  2388 | D:3      | Reached skill level 5 in Maces & Flails
  2504 | D:3      | Noticed Natasha
  2856 | D:3      | Found a burning altar of Makhleb.
  2857 | D:3      | Found a hazy altar of Hepliaklqana.
  2869 | D:3      | Became a worshipper of Makhleb the Destroyer
  2886 | D:3      | Killed Natasha
  2908 | D:3      | Noticed Natasha
  2919 | D:3      | Killed Natasha
  2944 | D:3      | Noticed Natasha
  2948 | D:3      | Killed Natasha
  3254 | D:2      | Killed Sigmund
  3409 | D:2      | Found a sacrificial altar of Ru.
  4004 | D:4      | Identified the +2 leather armour of Prudence {rPois}
  4311 | D:4      | Your scales start taking on a glossy black colour.
  4311 | D:4      | Reached XP level 7. HP: 10/55 MP: 3/10
  4311 | D:4      | Gained mutation: You are resistant to electric shocks.
                  | (rElec) [Black Draconian growth]
  4624 | D:4      | Reached * piety under Makhleb
  4711 | D:4      | Found Latisa's Assorted Antiques.
  4772 | D:5      | Entered Level 5 of the Dungeon
  5090 | D:5      | Noticed Eustachio
  5098 | D:5      | Killed Eustachio
  5149 | D:5      | Noticed Menkaure
  5315 | D:5      | HP: 2/51 [wight/+0 great sword (2)]
  5319 | D:5      | Slain by a wight

Illustrated notes

Levels and vault maps discovered:
D:1:      giann_horns, layout_loops_ring, feat_on_display
D:2:      layout_loops_cross, basic_altar, small_statue_intersection,
          corexii_item_surrounded_by_moat, uniq_sigmund
D:3:      layout_loops_corners, nicolae_overflow_squiral, uniq_natasha
D:4:      layout_loops_ring, serial_shops, nicolae_lakefront_shop
D:5:      layout_cave_pools, serial_column_ruins, column_ruins_square_medium,
          column_ruins_hut, column_ruins_open_medium, column_ruins_open_tiny,
          column_ruins_columns_T, column_ruins_columns_straight,
          column_ruins_open_small, uniq_eustachio, uniq_menkaure

Skill      XL: |  1  2  3  4  5  6  7 |
---------------+----------------------+-----
Translocations | 2 |  2.0
Maces & Flails | 4 5 6 |  6.4
Conjurations   | 4 5 6 |  6.5
Fighting       | |  2.1
Dodging        | |  1.7
Spellcasting   | |  2.9

Action                   |  1- 3 |  4- 6 |  7- 9 || total
-------------------------+-------+-------+-------++-------
Melee: Mace              |    87 |   160 |       ||   247
       Tailslap          |     5 |    30 |    22 ||    57
       Punch             |     1 |       |     1 ||     2
       Whip              |       |    69 |    79 ||   148
 Cast: Searing Ray       |       |     7 |     7 ||    14
       Magic Dart        |       |     4 |     1 ||     5
       Momentum Strike   |       |     3 |     5 ||     8
       Kiss of Death     |       |     1 |       ||     1
 Abil: Breathe Lightning |       |       |     5 ||     5
  Use: Scroll            |     4 |     6 |     5 ||    15
       Potion            |     1 |     3 |     2 ||     6
 Stab: Sleeping          |     2 |       |       ||     2
Armor: Skin              |    42 |    91 |    16 ||   149
Dodge: Dodged            |    63 |   114 |    81 ||   258

Table legend: (Time is in decaauts)
 A = Elapsed time spent in this place.
 B = Non-inter-level travel time spent in this place.
 C = Inter-level travel time spent in this place.
 D = Time resting spent in this place.
 E = Time spent auto-exploring this place.
 F = Levels seen in this place.
 G = Mean time per level.
                   A        B        C        D        E       F      G
               +--------+--------+--------+--------+--------+-----+--------+
         Total |   5323 |   5096 |    227 |    985 |   2942 |   5 | 1064.6 |
       Dungeon |   5323 |   5096 |    227 |    985 |   2942 |   5 | 1064.6 |
               +--------+--------+--------+--------+--------+-----+--------+

Top non-repeatable levels by time:
     D:3: 1867 daAuts
     D:4: 1146 daAuts
     D:2: 921 daAuts
     D:1: 869 daAuts
     D:5: 518 daAuts
